 Dungeon Crawl Stone Soup version 0.30-a0-722-g3e6e8c874d (webtiles) character file.

Game seed: 2048384027128557269

72 Dittersdorf the Trooper (level 4, 0/29 HPs)
             Began as a Gargoyle Fighter on Jan 27, 2023.
             Slain by Robin
             ... wielding a +5 spear of distortion
              (16 damage)
             ... on level 2 of the Dungeon.
             The game lasted 00:01:19 (1015 turns).

Dittersdorf the Trooper (Gargoyle Fighter)          Turns: 1015, Time: 00:01:19

Health: 0/29       AC: 10    Str: 22    XL:     4   Next: 25%
Magic:  0/4        EV:  9    Int:  8    God:
Gold:   75         SH:  4    Dex:  9    Spells: 3/3 levels left

rFire   . . .      SeeInvis .    a - +0 flail
rCold   . . .      Faith    .    c - +0 buckler
rNeg    + . .      Spirit   +    b - +0 scale mail
rPois   ∞          Reflect  .    (no helmet)
rElec   +          Harm     .    (no cloak)
rCorr   .          Rampage  .    (no gloves)
Will    .....                    (no boots) Stlth
                                 h - amulet of guardian spirit
HPRegen 0.24/turn                (no ring)
MPRegen 0.09/turn                (no ring)

@: no status effects
A: sickness immunity, AC +3, negative energy resistance 1, electricity
resistance, torment resistance 1, petrification resistance
a: no special abilities


You were on level 2 of the Dungeon.
You visited 1 branch of the dungeon, and saw 2 of its levels.

You collected 75 gold pieces.

Inventory:

Hand Weapons
 a - a +0 flail (weapon)
Armour
 b - a +0 scale mail (worn)
 c - a +0 buckler (worn)
Jewellery
 h - an amulet of guardian spirit (around neck)
Scrolls
 e - 5 scrolls of teleportation {unknown}
 f - 2 scrolls of fear {unknown}
 k - a scroll of poison {unknown}
 m - a scroll of amnesia {unknown}
Potions
 d - a potion of might
 g - a potion of lignification {unknown}
 i - 2 potions of curing {unknown}
 j - 2 potions of berserk rage {unknown}
 l - 3 potions of mutation {unknown}
 n - a potion of haste


   Skills:
 + Level 4.0 Fighting
 + Level 2.6 Maces & Flails
 + Level 3.9 Armour
 + Level 3.9 Shields


You had 3 spell levels left.
You didn't know any spells.
Your spell library contained the following spells:

 Spells                   Type           Power      Damage    Failure   Level
 Magic Dart               Conj           0%         1d3       82%         1
 Searing Ray              Conj           0%         2d4       91%         2
 Gell's Gravitas          Tloc           0%         N/A       99%         3
 Teleport Other           Tloc           0%         N/A       99%         3
 Fulminant Prism          Conj/Hex       0%         3d5       100%        4
 Dispersal                Tloc           0%         N/A       100%        6


Dungeon Overview and Level Annotations

Branches:
Dungeon (2/15)

Altars:

Annotations:
D:2 Robin


Innate Abilities, Weirdness & Mutations

You are immune to sickness and miasma.
Your stone body is resilient. (AC +3)
You are immune to poison.
You resist negative energy. (rN+)
You are resistant to electric shocks. (rElec)
You are resistant to unholy torment.
You are immune to petrification.


Message History

The adder is severely wounded.
The adder misses you. The goblin hits you but does no damage.
You hit the adder.
The adder is almost dead.
The adder barely misses you. You block the goblin's attack.
The adder bites you but does no damage.
You miss the adder.
The adder is almost dead.
The adder bites you. The goblin hits you but does no damage.
The adder bites you but does no damage. The goblin hits you but does no damage.
You barely miss the adder.
The adder is almost dead.
The adder closely misses you. The goblin hits you but does no damage.
The adder closely misses you.
You hit the adder.
You kill the adder!
The goblin barely misses you.
Your Fighting skill increases to level 4!
You thump the goblin!
You kill the goblin!
No target in view!
No target in view!
No target in view!
No target in view!
No target in view!
No target in view!
No target in view!
No target in view!
No target in view!
No target in view!
No target in view!
No target in view!
Robin is nearby!
Robin shouts!
You block Robin's attack. Robin hits you but does no damage.
Space warps horribly around you!
You hit Robin but do no damage. Robin hits you but does no damage.
Space warps horribly around you!!
Ouch! That really hurt!
You die...

...)...............~###≈≈≈≈
....................~≈≈≈≈≈≈
...........#......†.~≈≈≈≈≈≈
########.#.........~###~≈≈≈
#........#.........#...#≈~#
#.########.......#.#.⌠.# .#
#........#.......#.#...# #
########.#.g........###..
#........#@..#....†........
#.########.##..........###.
#........#.#...###..####
########.#...).# ....#
..........)....##.##.#
....#.......##.........
###........#####.#.....
###............## # ..
................#


You could see Robin.

Vanquished Creatures
  2 adders (D:2)
  A worm (D:2)
  4 ball pythons
  3 bats
  3 endoplasms
  9 hobgoblins
  3 jackals (D:1)
  7 kobolds
  2 quokkas (D:1)
  3 frilled lizards
  6 goblins (D:2)
  4 rats
47 creatures vanquished.

Notes
Turn   | Place    | Note
-------+----------+-------------------------------------------
     0 | D:1      | Dittersdorf the Gargoyle Fighter began the quest for the
                  | Orb.
     0 | D:1      | Reached XP level 1. HP: 14/14 MP: 1/1
   127 | D:1      | Reached XP level 2. HP: 15/19 MP: 2/2
   584 | D:1      | Found a faded altar of an unknown god.
   629 | D:1      | Reached XP level 3. HP: 23/23 MP: 3/3
   953 | D:2      | Reached XP level 4. HP: 29/29 MP: 4/4
  1003 | D:2      | Noticed Robin
  1009 | D:2      | Reached skill level 4 in Fighting
  1015 | D:2      | Slain by Robin

Illustrated notes

Levels and vault maps discovered:
D:1:      tarquinn_simple_flora_water_a, layout_rooms,
          hellmonk_ecumenical_altar_leap_of_faith, serial_curves,
          eino_curves_04, eino_curves_02, grunt_decor_cap,
          minmay_misc_feat_doors, minmay_shallow_snake_nest
D:2:      layout_rooms, kennysheep_nub, minivault_27, minmay_strange_pillars,
          grunt_ministairs_11, fountainhead, uniq_robin

Skill      XL: |  1  2  3  4 |
---------------+-------------+-----
Fighting       | 4 |  4.0
Maces & Flails | |  2.6
Armour         | |  3.9
Shields        | |  3.9

Action                     |  1- 3 |  4- 6 || total
---------------------------+-------+-------++-------
  Melee: Flail             |   154 |    16 ||   170
 Armour: Scale mail        |   113 |    15 ||   128
  Dodge: Dodged            |    75 |    16 ||    91
  Block: Buckler           |    36 |     2 ||    38

Table legend: (Time is in decaauts)
 A = Elapsed time spent in this place.
 B = Non-inter-level travel time spent in this place.
 C = Inter-level travel time spent in this place.
 D = Time resting spent in this place.
 E = Time spent auto-exploring this place.
 F = Levels seen in this place.
 G = Mean time per level.
                   A        B        C        D        E       F      G
               +--------+--------+--------+--------+--------+-----+--------+
         Total |   1069 |   1056 |     13 |     38 |    646 |   2 |  534.5 |
       Dungeon |   1069 |   1056 |     13 |     38 |    646 |   2 |  534.5 |
               +--------+--------+--------+--------+--------+-----+--------+

Top non-repeatable levels by time:
     D:1: 765 daAuts
     D:2: 303 daAuts
